 Dungeon Crawl Stone Soup version 0.27.1 (console) character file.

Game seed: 10701878195717570854

71 thromnambular the Chucker (level 4, -3/72 HPs)
             Began as an Ogre Hunter on Aug 29, 2021.
             Was a Follower of Kikubaaqudgha.
             Slain by Natasha (6 damage)
             ... on level 2 of the Dungeon.
             The game lasted 00:03:50 (2087 turns).

thromnambular the Chucker (Ogre Hunter)             Turns: 2087, Time: 00:03:51

Health: -3/72      AC:  3    Str: 16    XL:     4   Next: 24%
Magic:  6/6        EV: 10    Int: 13    God:    Kikubaaqudgha [*.....]
Gold:   112        SH:  0    Dex:  9    Spells: 5/5 levels left

rFire    . . .     SeeInvis .   g - +0 whip
rCold    . . .     Faith    .   (no shield)
rNeg     . . .     Spirit   .   b - +0 robe
rPois    .         Reflect  .   (helmet restricted)
rElec    .         Harm     .   (no cloak)
rCorr    .         Rampage  .   (gloves unavailable)
Will     +....                  (boots unavailable)
Stlth    ..........             (no amulet)
HPRegen  0.22/turn              a - ring of willpower
MPRegen  0.10/turn              (no ring)

@: berserking, very quick
A: large, unfitting armour, tough skin 1
a: Renounce Religion, Receive Corpses


You were on level 2 of the Dungeon.
You worshipped Kikubaaqudgha.
Kikubaaqudgha was aware of your devotion.
You visited 1 branch of the dungeon, and saw 2 of its levels.

You collected 112 gold pieces.

Inventory:

Hand Weapons
 g - a +0 whip (weapon)
Missiles
 c - a large rock (quivered)
 d - 2 throwing nets
 e - 4 poisoned darts
Armour
 b - a +0 robe (worn)
Jewellery
 a - a ring of willpower (left hand)
Scrolls
 h - a scroll of amnesia {unknown}
Potions
 i - a potion of degeneration {unknown}


   Skills:
 + Level 3.8 Fighting
 + Level 1.1 Maces & Flails
 - Level 4.2 Throwing
 + Level 2.5 Dodging
 - Level 0.6 Stealth
 + Level 1.4 Spellcasting


You had 5 spell levels left.
You didn't know any spells.
Your spell library contained the following spells:

 Spells                   Type           Power      Damage    Failure   Level
 Pain                     Necr           0%         1d4       26%         1
 Corpse Rot               Necr/Air       N/A        N/A       38%         2
 Sublimation of Blood     Necr           0%         N/A       38%         2
 Vampiric Draining        Necr           0%         2d6       63%         3


Dungeon Overview and Level Annotations

Branches:
Dungeon (2/15)

Altars:
Kikubaaqudgha

Annotations:
D:2 Natasha


Innate Abilities, Weirdness & Mutations

You are too large for most types of armour.
You have tough skin. (AC +1)


Message History

You barely miss Natasha.
Natasha is heavily wounded.
Natasha claws you.
Throw: 4 large rocks
Press: ? - help, Q - select action, (/) - cycle Shift-Dir - straight line, f/p - Natasha
Aim: Natasha (heavily wounded, very poisoned, 50% to hit)
You throw a large rock. The large rock misses Natasha.
Natasha claws you!
* * * LOW HITPOINT WARNING * * *
Natasha claws you.
* * * LOW HITPOINT WARNING * * *
Throw: 3 large rocks
Press: ? - help, Q - select action, (/) - cycle Shift-Dir - straight line, f/p - Natasha
Aim: Natasha (heavily wounded, very poisoned, 50% to hit)
You throw a large rock. The large rock barely misses Natasha.
Natasha claws you.
* * * LOW HITPOINT WARNING * * *
Natasha closely misses you.
Throw: 2 large rocks
Press: ? - help, Q - select action, (/) - cycle Shift-Dir - straight line, f/p - Natasha
Aim: Natasha (severely wounded, very poisoned, 50% to hit)
You throw a large rock. The large rock barely misses Natasha.
Natasha casts a spell at you. The magic dart hits you.
* * * LOW HITPOINT WARNING * * *
Natasha misses you.
It was a potion of berserk rage.
A red film seems to cover your vision as you go berserk!
You feel yourself moving faster!
You feel mighty! Natasha barely misses you.
You barely miss Natasha.
Natasha is severely wounded.
Natasha claws you!
* * * LOW HITPOINT WARNING * * *
You hit Natasha.
Natasha is almost dead.
You closely miss Natasha.
Natasha is almost dead.
Natasha claws you.
You die...
Kikubaaqudgha rasps: "You have failed me!
Welcome... death!"

...#.##.##
####.<##
.....##.#
#..#
.....##.#
##.##### ....
#.# #....(#
##. #.#
#..(..#
##....#
######....#
#....h....##
#...@.......#
#...........#
#...........#
#((.........#
#.......#.###
#.......#.#
#.......# .
#.......#


You could see Natasha (poisoned).

Vanquished Creatures
  Natasha (D:2)
  2 adders (D:2)
  5 bats
  3 endoplasms (D:1)
  A giant cockroach (D:2)
  3 hobgoblins
  3 kobolds
  3 quokkas
  A ball python (D:1)
  A frilled lizard (D:1)
  4 rats
27 creatures vanquished.

Vanquished Creatures (others)
  4 toadstools (D:2)
4 creatures vanquished.

Grand Total: 31 creatures vanquished

Notes
Turn   | Place    | Note
-------+----------+-------------------------------------------
     0 | D:1      | thromnambular the Ogre Hunter began the quest for the Orb.
     0 | D:1      | Reached XP level 1. HP: 22/22 MP: 1/1
   387 | D:1      | Reached XP level 2. HP: 31/31 MP: 2/2
   389 | D:1      | Found a faded altar of an unknown god.
   436 | D:1      | Became a worshipper of Kikubaaqudgha
   436 | D:1      | Reached * piety under Kikubaaqudgha
   436 | D:1      | Received a gift from Kikubaaqudgha
  1671 | D:2      | Reached XP level 3. HP: 28/37 MP: 2/4
  1802 | D:2      | Reached skill level 1 in Spellcasting
  1845 | D:2      | Noticed Natasha
  1855 | D:2      | Killed Natasha
  1856 | D:2      | Reached skill level 1 in Maces & Flails
  1856 | D:2      | Reached XP level 4. HP: 42/48 MP: 4/6
  2073 | D:2      | Noticed Natasha
  2085 | D:2      | HP: 3/72 [Natasha (7)]
  2087 | D:2      | Slain by Natasha

Illustrated notes

Levels and vault maps discovered:
D:1:      minmay_arrival_diagonal_passages, layout_basic, serial_forest,
          infiniplex_forest_end_1, infiniplex_forest_zigzag_1,
          infiniplex_forest_side_room, infiniplex_forest_straight_5,
          infiniplex_forest_corner_2, hellmonk_ecumenical_altar_arch_garden
D:2:      layout_basic, minmay_gold_behind_fungi, uniq_natasha

Skill      XL: |  1  2  3 |
---------------+----------+-----
Fighting       | 3 |  3.8
Dodging        | 2 |  2.5
Spellcasting   | 1 |  1.4
Maces & Flails | 1 |  1.1
Throwing       | |  4.2
Stealth        | |  0.6

Action                   |  1- 3 |  4- 6 || total
-------------------------+-------+-------++-------
Melee: Short sword       |    15 |       ||    15
       Whip              |    71 |    18 ||    89
Throw: Dart              |    49 |     6 ||    55
       Large rock        |     5 |     3 ||     8
  Use: Potion            |       |     1 ||     1
 Stab: Sleeping          |     3 |       ||     3
Armor: Robe              |    47 |     2 ||    49
Dodge: Dodged            |    68 |     9 ||    77
